 Dungeon Crawl Stone Soup version 0.31.0-11-ge490571c62 (webtiles) character file.

Game seed: 9599921678956873227

74 qw the Shooter (level 4, 0/22 HPs)
             Began as a Spriggan Hunter on Feb 3, 2024.
             Slain by an orc
             ... wielding a +0 short sword
              (2 damage)
             ... on level 2 of the Dungeon.
             The game lasted 00:00:08 (1451 turns).

qw the Shooter (Spriggan Hunter)                    Turns: 1451, Time: 00:00:09

Health: 0/22       AC:  4    Str:  7    XL:     4   Next: 9%
Magic:  5/5        EV: 19    Int: 10    God:
Gold:   131        SH:  4    Dex: 20    Spells: 3/3 levels left

rFire   . . .        a - +0 shortbow
rCold   . . .        (shield currently unavailable)
rNeg    . . .        c - +0 robe
rPois   .            (helmet restricted)
rElec   .            (no cloak)
rCorr   .            (gloves unavailable)
SInv    +            (boots unavailable)
Will    .....        (no amulet)
Stlth   ++           (no ring)
HPRegen 0.23/turn    (no ring)
MPRegen 0.09/turn

%: no passive effects
@: very quick
A: very small, no large weapons, unfitting armour, see invisible, speed 3,
hooves 1, iridescent scales 1, large bone plates 1
a: no special abilities


You were on level 2 of the Dungeon.
You visited 1 branch of the dungeon, and saw 3 of its levels.

You collected 131 gold pieces.


Innate Abilities, Weirdness & Mutations

You are very small and have problems with some larger weapons.
You are too small for most types of armour.
You have supernaturally acute eyesight. (SInv)
You cover ground extremely quickly. (Speed+++)
You have large cloven feet.
You are partially covered in iridescent scales. (AC +2)
You are partially covered in large bone plates. (SH +4)


   Skills:
 - Level 1.5 Fighting
 - Level 5.2 Ranged Weapons
 + Level 4.0 Dodging
 - Level 1.5 Stealth


You had 3 spell levels left.
You didn't know any spells.
Your spell library was empty.

Inventory:

Hand Weapons
 a - a +0 shortbow (weapon)
Armour
 c - a +0 robe (worn)
Potions
 d - a potion of mutation

Dungeon Overview and Level Annotations

Branches:
Dungeon (3/15)

Altars:
Uskayaw

Shops:
D:1 [

Annotations:
D:2 exclusion: 5 ribbon worms


Message History

The orc wizard gestures at you while chanting.
The magic dart hits you.
You climb upwards.
Level annotation: exclusion: 5 ribbon worms
There is a stone staircase leading down here.
You see here a potion of brilliance.
You start resting.
HP restored.
You climb downwards.
You block the orc's attack. The orc misses you.
There is a stone staircase leading up here.
You shoot an arrow.
The arrow hits the orc wizard but does no damage.
The orc barely misses you. x2
The orc wizard hits you with a +3 dagger of flaming.
The orc wizard burns you.
1445 ||| STAIRDANCE The orc closely misses you.
The orc completely misses you.
The orc wizard hits you with a +3 dagger of flaming.
The orc wizard burns you.
You climb upwards.
Level annotation: exclusion: 5 ribbon worms
There is a stone staircase leading down here.
You see here a potion of brilliance.
You shoot an arrow. The arrow hits the orc wizard!
The orc wizard is severely wounded.
The orc wizard gestures at you while chanting.
The magic dart hits you! The orc misses you. x2
You shoot an arrow. The arrow hits the orc wizard!
You kill the orc wizard!
You block the orc's attack. The orc hits you but does no damage.
Your Ranged Weapons skill increases to level 5!
You have reached level 4!
You shoot an arrow. The arrow barely misses the orc.
The orc closely misses you. You block the orc's attack.
The orc hits you with a +0 hand axe. The orc closely misses you.
You shoot an arrow. The arrow closely misses the orc.
You block the orc's attack. The orc hits you but does no damage.
You shoot an arrow. The arrow barely misses the orc.
The orc completely misses you. The orc hits you with a +0 short sword.
You die...

#......##....#.########.##.#
..#.#..##....#.# #.##.#
###.#?..'....#.# #.##.#
#...##.##....#.## #.##.#
..8..#..........# #.##.#
8888.#######.#..#######.##.#
8.S8..# #.#..........##.#
...88.## #.##o.#########.###
.#..8..# #.#.)@o.<.........#
S...88.##
#.#.#.#############
..888...# #.#............#
888...#+# #.###.########.#
8...### #.# #.# #.# ..###
#.# #.# #.# ###...8..# #.#
#.# #.# #...8888.###.# #.#
#.# ..8+8..8..##.# #.# #.#


You could see 2 orcs.

Vanquished Creatures
  An orc wizard (D:2)
  A dart slug (D:1)
  2 ribbon worms (D:2)
  4 endoplasms
  3 giant cockroaches (D:1)
  6 goblins
  2 hobgoblins (D:1)
  3 kobolds
  4 quokkas
  5 ball pythons
  3 bats
  2 frilled lizards (D:2)
  4 rats
40 creatures vanquished.

Notes
Turn   | Place    | Note
-------+----------+-------------------------------------------
     0 | D:1      | qw the Spriggan Hunter began the quest for the Orb.
     0 | D:1      | Reached XP level 1. HP: 10/10 MP: 2/2
     0 | D:1      | 0 ||| qw: Version: 0.3-a-157-g843a77d
     0 | D:1      | 0 ||| qw: Game counter: 3936
     0 | D:1      | 0 ||| qw: Melee chars always use a shield: true
     0 | D:1      | 0 ||| qw: God list: Okawaru
     0 | D:1      | 0 ||| qw: Allow faded altars: false
     0 | D:1      | 0 ||| qw: Do Orc after clearing Dungeon:15 true
     0 | D:1      | 0 ||| qw: Do second Lair branch before Depths: true
     0 | D:1      | 0 ||| qw: Lair rune preference: random
     0 | D:1      | 0 ||| qw: Goals: Normal
     0 | D:1      | 0 ||| PLANNING D:1-11
     9 | D:1      | Found Idghot's Armour Boutique.
    15 | D:1      | Reached skill level 3 in Dodging
   134 | D:1      | Reached XP level 2. HP: 14/14 MP: 3/3
   442 | D:1      | 442 ||| READING scroll labelled ZOEGGI KAJUFF.
   442 | D:1      | 442 ||| IDENTIFYING metallic emerald potion
   443 | D:1      | 443 ||| READING scroll labelled TUIGGA USSAAL.
   444 | D:1      | 444 ||| DRINKING 2 lumpy puce potions.
   444 | D:1      | Gained mutation: You are partially covered in iridescent
                  | scales. (AC +2) [potion of mutation]
   444 | D:1      | Gained mutation: You have large cloven feet. [potion of
                  | mutation]
   444 | D:1      | Gained mutation: You are partially covered in large bone
                  | plates. (SH +4) [potion of mutation]
   445 | D:1      | 445 ||| DROPPING scroll of butterflies.
   446 | D:1      | 446 ||| DROPPING potion of invisibility.
   472 | D:2      | Reached XP level 3. HP: 18/18 MP: 4/4
   823 | D:2      | Found a hide-covered altar of Uskayaw.
  1396 | D:2      | 1396 ||| READING scroll of identify.
  1396 | D:2      | 1396 ||| IDENTIFYING cyan potion
  1397 | D:2      | 1397 ||| READING scroll labelled RIN OHUUKI.
  1398 | D:2      | 1398 ||| READING scroll labelled NUHETS TAZU.
  1425 | D:2      | 1425 ||| DROPPING potion of brilliance.
  1428 | D:3      | 1428 ||| STAIRDANCE
  1445 | D:3      | 1445 ||| STAIRDANCE
  1447 | D:2      | HP: 3/18 [orc wizard/magic dart (8)]
  1449 | D:2      | Reached skill level 5 in Ranged Weapons
  1449 | D:2      | Reached XP level 4. HP: 4/22 MP: 5/5
  1451 | D:2      | Slain by an orc

Levels and vault maps discovered:
D:1:      tarquinn_simple_flora_water_e, layout_rooms, serial_shops,
          nicolae_shop_statue_plus
D:2:      minmay_skewed_foursquare, layout_basic, basic_altar
D:3:      layout_basic, grunt_dithmenos_smoke_and_mirrors,
          hellmonk_ecumenical_altar_run_dry

Skill      XL: |  1  2  3 |
---------------+----------+-----
Dodging        | 3 4 |  4.0
Ranged Weapons | 5 |  5.2
Fighting       | |  1.5
Stealth        | |  1.5

Action                     |  1- 3 |  4- 6 || total
---------------------------+-------+-------++-------
   Fire: Shortbow          |    70 |     3 ||    73
    Use: Scroll            |     5 |       ||     5
         Potion            |     1 |       ||     1
 Armour: Robe              |     7 |     3 ||    10
  Dodge: Dodged            |    12 |     3 ||    15
  Block: Other             |     5 |     2 ||     7

Table legend:
 A = Non-vault XP
 B = Vault XP
 C = Vault XP percentage of total XP
 D = Non-vault monster count
 E = Vault monster count
 F = Vault count percentage of total count
                 A         B        C        D         E       F
            +---------+---------+-------+---------+---------+-------
      Total |     104 |       2 |   1.9 |      38 |       2 |   5.0
            +---------+---------+-------+---------+---------+-------
        D:1 |      40 |       0 |   0.0 |      21 |       0 |   0.0
        D:2 |      64 |       2 |   3.0 |      17 |       2 |  10.5
            +---------+---------+-------+---------+---------+-------
